TOP OF THE 1ST |
Oklahoma City 89ers batting - Pitching for Wichita Aeros : RHP Greg A Harris
|
Pitching: RHP Greg A Harris
|
|
Batting: RHB James Glenn
|
0-0: Ball 1-0: Called Strike 1-1: Foul Ball, location: 2F 1-2: Ball 2-2: Ball 3-2: SINGLE (Line Drive, 89M, EV 97.5 MPH)
|
Batting: RHB John Christensen
|
0-0: SINGLE (Line Drive, 7LS, EV 90.6 MPH) James Glenn to second Runner from 2nd tries for 3rd, SAFE, no throw by LF
|
Batting: RHB Cecil Fielder
|
0-0: Called Strike 0-1: Fly out, F8 (Flyball, 8RS, EV 89.4 MPH)
|
Batting: RHB Tim Tolman
|
0-0: Ball 1-0: Fly out, F9 (Flyball, 9LS, EV 81.9 MPH) Runner from 3rd tags up, SCORES, throw by RF
|
Batting: LHB Tom O'Malley
|
0-0: Ball 1-0: Foul Ball, location: 2F 1-1: DOUBLE (Flyball, 89XD, EV 103.1 MPH) John Christensen to third Runner from 3rd tries for Home, SAFE, no throw by CF
|
Batting: RHB Richard Howard
|
0-0: Called Strike 0-1: Called Strike 0-2: Ball 1-2: Foul Ball, location: 2F 1-2: Strikes out swinging
|
Top of the 1st over - 2 runs, 3 hits, 0 errors, 1 left on base; Oklahoma City 2 - Wichita 0 |
BOTTOM OF THE 1ST |
Wichita Aeros batting - Pitching for Oklahoma City 89ers : RHP Joe McIntosh
|
Pitching: RHP Joe McIntosh
|
|
Batting: LHB Jesus Ramos
|
0-0: Called Strike 0-1: Ball 1-1: Ball 2-1: Fly out, F8 (Line Drive, 8LM, EV 93.1 MPH)
|
Batting: RHB Greg Cypret
|
0-0: Ball 1-0: Ball 2-0: Foul Ball, location: 2F 2-1: Ground out U3 (Groundball, 34, EV 84.4 MPH)
|
Batting: LHB Michael Barnes
|
0-0: Called Strike 0-1: Ball 1-1: Swinging Strike 1-2: Foul Ball, location: 2F 1-2: Ball 2-2: Ball 3-2: Base on Balls
|
Batting: LHB Omar Guerrero
|
Pickoff Throw to First - Out! 1-3
|
Bottom of the 1st over - 0 runs, 0 hits, 0 errors, 0 left on base; Oklahoma City 2 - Wichita 0 |
TOP OF THE 2ND |
Oklahoma City 89ers batting - Pitching for Wichita Aeros : RHP Greg A Harris
|
Batting: RHB Nick Esasky
|
0-0: Swinging Strike 0-1: Swinging Strike 0-2: Foul Ball, location: 2F 0-2: Foul Ball, location: 2F 0-2: Ball 1-2: Ball 2-2: Fly out, F7 (Flyball, 7, EV 87.5 MPH)
|
Batting: RHB Robert Bailey
|
0-0: Called Strike 0-1: Ball 1-1: Ball 2-1: Foul Ball, location: 2F 2-2: Foul Ball, location: 2F 2-2: Strikes out swinging
|
Batting: RHB Danny Jasso
|
0-0: Foul Ball, location: 2F 0-1: Ground out 6-3 (Groundball, 6, EV 87.5 MPH)
|
Top of the 2nd over - 0 runs, 0 hits, 0 errors, 0 left on base; Oklahoma City 2 - Wichita 0 |
BOTTOM OF THE 2ND |
Wichita Aeros batting - Pitching for Oklahoma City 89ers : RHP Joe McIntosh
|
Batting: LHB Omar Guerrero
|
0-0: Ball 1-0: Ground out 6-3 (Groundball, P, EV 85.0 MPH)
|
Batting: RHB Dave Hoenstine
|
0-0: Ball 1-0: Ball 2-0: Called Strike 2-1: Called Strike 2-2: Fly out, F8 (Flyball, 8LXD, EV 100.6 MPH)
|
Batting: LHB James Pellack
|
0-0: Ball 1-0: Ball 2-0: Ball 3-0: Called Strike 3-1: Fly out, F8 (Flyball, 89D, EV 87.5 MPH)
|
Bottom of the 2nd over - 0 runs, 0 hits, 0 errors, 0 left on base; Oklahoma City 2 - Wichita 0 |
TOP OF THE 3RD |
Oklahoma City 89ers batting - Pitching for Wichita Aeros : RHP Greg A Harris
|
Batting: RHB James Glenn
|
0-0: Ball 1-0: Ball 2-0: Called Strike 2-1: Foul Ball, location: 2F 2-2: Ground out 5-3 (Groundball, 56, EV 106.3 MPH)
|
Batting: RHB John Christensen
|
0-0: Ball 1-0: Called Strike 1-1: Called Strike 1-2: Ball 2-2: Ground out 6-3 (Groundball, 6, EV 86.9 MPH)
|
Batting: RHB Cecil Fielder
|
0-0: Ball 1-0: Foul Ball, location: 2F 1-1: DOUBLE (Flyball, 8RXD, EV 101.9 MPH)
|
Batting: RHB Tim Tolman
|
0-0: Ball 1-0: Ball 2-0: Ball 3-0: Called Strike 3-1: Swinging Strike 3-2: Ground out 5-3 (Groundball, 56S, EV 67.5 MPH)
|
Top of the 3rd over - 0 runs, 1 hit, 0 errors, 1 left on base; Oklahoma City 2 - Wichita 0 |
BOTTOM OF THE 3RD |
Wichita Aeros batting - Pitching for Oklahoma City 89ers : RHP Joe McIntosh
|
Batting: RHB Dave Stenhouse
|
0-0: Ground out 6-3 (Groundball, 56, EV 89.4 MPH)
|
Batting: RHB Gary House
|
0-0: Ball 1-0: Foul Ball, location: 2F 1-1: Swinging Strike 1-2: Foul Ball, location: 2F 1-2: Ball 2-2: Foul Ball, location: 2F 2-2: Foul Ball, location: 2F 2-2: Ball 3-2: SINGLE (Flyball, 9S, EV 90.0 MPH)
|
Batting: RHB Victor Mabee
|
0-0: Ball 1-0: Called Strike 1-1: Ball Wild Pitch! Gary House to second 2-1: SINGLE (Groundball, 3D, EV 105.6 MPH) Gary House to third Runner from 3rd tries for Home, SAFE, throw by RF to home
|
Batting: LHB Jesus Ramos
|
0-0: Ball Victor Mabee steals 2nd base 1-0: Ball 2-0: Called Strike 2-1: Foul Ball, location: 2F 2-2: DOUBLE (Line Drive, 78XD, EV 104.4 MPH) Victor Mabee scores
|
Batting: RHB Greg Cypret
|
0-0: Ball Jesus Ramos steals 3rd base 1-0: Called Strike 1-1: Reached on error, E9 (Flyball, 9LS, EV 78.1 MPH) Jesus Ramos scores
|
Batting: LHB Michael Barnes
|
0-0: Ball 1-0: Swinging Strike 1-1: Ball 2-1: Ball 3-1: Swinging Strike 3-2: SINGLE (Popup, 6MD, EV 62.5 MPH) Greg Cypret to second
|
Batting: LHB Omar Guerrero
|
0-0: Foul Ball, location: 2F 0-1: Fly out, F4 (Popup, 4MD, EV 58.1 MPH)
|
Batting: RHB Dave Hoenstine
|
0-0: Called Strike 0-1: Called Strike 0-2: Ball 1-2: Foul Ball, location: 2F 1-2: Ball 2-2: SINGLE (Groundball, 25, EV 72.5 MPH) (infield hit) Greg Cypret to third Michael Barnes to second
|
Batting: LHB James Pellack
|
0-0: Called Strike 0-1: Foul Ball, location: 2F 0-2: Strikes out swinging
|
Bottom of the 3rd over - 3 runs, 5 hits, 1 error, 3 left on base; Oklahoma City 2 - Wichita 3 |
TOP OF THE 4TH |
Oklahoma City 89ers batting - Pitching for Wichita Aeros : RHP Greg A Harris
|
Batting: LHB Tom O'Malley
|
0-0: Foul Ball, location: 2F 0-1: Ball 1-1: Ball 2-1: Called Strike 2-2: Strikes out looking
|
Batting: RHB Richard Howard
|
0-0: Called Strike 0-1: Ball 1-1: Foul Ball, location: 2F 1-2: Ball 2-2: Ball 3-2: Ground out 4-3 (Groundball, 4, EV 101.9 MPH)
|
Batting: RHB Nick Esasky
|
0-0: Foul Ball, location: 2F 0-1: Swinging Strike 0-2: Foul Ball, location: 2F 0-2: Foul Ball, location: 2F 0-2: Ball 1-2: Ball 2-2: Ball 3-2: Strikes out swinging
|
Top of the 4th over - 0 runs, 0 hits, 0 errors, 0 left on base; Oklahoma City 2 - Wichita 3 |
BOTTOM OF THE 4TH |
Wichita Aeros batting - Pitching for Oklahoma City 89ers : RHP Joe McIntosh
|
Batting: RHB Dave Stenhouse
|
0-0: Swinging Strike 0-1: Ball 1-1: Ground out 4-3 (Groundball, 4, EV 104.4 MPH)
|
Batting: RHB Gary House
|
0-0: Foul Ball, location: 2F 0-1: Ball 1-1: Foul Ball, location: 2F 1-2: Hit by Pitch
|
Batting: RHB Victor Mabee
|
0-0: Ground out 5-3 (Groundball, 56S, EV 61.9 MPH) Gary House to second
|
Batting: LHB Jesus Ramos
|
0-0: Swinging Strike 0-1: Called Strike 0-2: Ball 1-2: Foul Ball, location: 2F 1-2: Strikes out swinging
|
Bottom of the 4th over - 0 runs, 0 hits, 0 errors, 1 left on base; Oklahoma City 2 - Wichita 3 |
TOP OF THE 5TH |
Oklahoma City 89ers batting - Pitching for Wichita Aeros : RHP Greg A Harris
|
Batting: RHB Robert Bailey
|
0-0: Ball 1-0: Ground out U3 (Groundball, 34, EV 78.8 MPH)
|
Batting: RHB Danny Jasso
|
0-0: Ball 1-0: Called Strike 1-1: Ball 2-1: Called Strike 2-2: Foul Ball, location: 2F 2-2: Strikes out swinging, 2-3 out at first.
|
Batting: RHB James Glenn
|
0-0: Fly out, F8 (Flyball, 8RD, EV 93.8 MPH)
|
Top of the 5th over - 0 runs, 0 hits, 0 errors, 0 left on base; Oklahoma City 2 - Wichita 3 |
BOTTOM OF THE 5TH |
Wichita Aeros batting - Pitching for Oklahoma City 89ers : RHP Joe McIntosh
|
Batting: RHB Greg Cypret
|
0-0: Ball 1-0: Swinging Strike 1-1: Ball 2-1: Foul Ball, location: 2F 2-2: Foul Ball, location: 2F 2-2: Ground out 5-3 (Groundball, 56S, EV 60.0 MPH)
|
Batting: LHB Michael Barnes
|
0-0: Ball 1-0: Ball 2-0: Ball 3-0: Base on Balls
|
Batting: LHB Omar Guerrero
|
0-0: Ball 1-0: Foul Ball, location: 2F 1-1: Ball 2-1: Fielders Choice at 2nd, 6-4 (Groundball, 6, EV 109.4 MPH)
|
Batting: RHB Dave Hoenstine
|
0-0: Ground out 4-3 (Groundball, 4, EV 85.6 MPH)
|
Bottom of the 5th over - 0 runs, 0 hits, 0 errors, 1 left on base; Oklahoma City 2 - Wichita 3 |
TOP OF THE 6TH |
Oklahoma City 89ers batting - Pitching for Wichita Aeros : RHP Greg A Harris
|
Batting: RHB John Christensen
|
0-0: Called Strike 0-1: Ball 1-1: Swinging Strike 1-2: SINGLE (Line Drive, 3D, EV 99.4 MPH)
|
Batting: RHB Cecil Fielder
|
0-0: Called Strike 0-1: Grounds into double play, 5-4-3 (Groundball, 5, EV 103.1 MPH)
|
Batting: RHB Tim Tolman
|
0-0: Foul Ball, location: 2F 0-1: Called Strike 0-2: Ball 1-2: Fly out, F9 (Flyball, 9, EV 93.1 MPH)
|
Top of the 6th over - 0 runs, 1 hit, 0 errors, 0 left on base; Oklahoma City 2 - Wichita 3 |
BOTTOM OF THE 6TH |
Wichita Aeros batting - Pitching for Oklahoma City 89ers : RHP Joe McIntosh
|
Batting: LHB James Pellack
|
0-0: Ball 1-0: Ball 2-0: Foul Ball, location: 2F 2-1: Ball 3-1: SINGLE (Groundball, 4MD, EV 101.3 MPH)
|
Batting: RHB Dave Stenhouse
|
0-0: Ball 1-0: Called Strike 1-1: Ball 2-1: Ball 3-1: Swinging Strike 3-2: Fly out, F4 (Popup, 4D, EV 52.5 MPH)
|
Batting: RHB Gary House
|
0-0: Ball 1-0: Ball 2-0: Swinging Strike 2-1: Ball 3-1: Base on Balls James Pellack to second
|
Batting: RHB Victor Mabee
|
0-0: Ball 1-0: Called Strike 1-1: Ball 2-1: Ball 3-1: Fielders Choice at 2nd, 6-4 (Groundball, 6M, EV 100.6 MPH) James Pellack to third
|
Pitching: RHP Kyle Hutchinson
|
|
Batting: LHB Jesus Ramos
|
0-0: Ball 1-0: Called Strike 1-1: Ground out 1-3 (Groundball, 15S, EV 66.3 MPH)
|
Bottom of the 6th over - 0 runs, 1 hit, 0 errors, 2 left on base; Oklahoma City 2 - Wichita 3 |
TOP OF THE 7TH |
Oklahoma City 89ers batting - Pitching for Wichita Aeros : RHP Greg A Harris
|
Batting: LHB Tom O'Malley
|
0-0: Ball 1-0: Foul Ball, location: 2F 1-1: Called Strike 1-2: Strikes out swinging
|
Batting: RHB Richard Howard
|
0-0: Called Strike 0-1: Swinging Strike 0-2: Ball 1-2: Strikes out looking
|
Batting: RHB Nick Esasky
|
0-0: Called Strike 0-1: Ball 1-1: Ball 2-1: Foul Ball, location: 2F 2-2: Strikes out swinging
|
Top of the 7th over - 0 runs, 0 hits, 0 errors, 0 left on base; Oklahoma City 2 - Wichita 3 |
BOTTOM OF THE 7TH |
Wichita Aeros batting - Pitching for Oklahoma City 89ers : RHP Kyle Hutchinson
|
Batting: RHB Greg Cypret
|
0-0: Ground out 3-1 (Groundball, 34, EV 88.1 MPH)
|
Batting: LHB Michael Barnes
|
0-0: Called Strike 0-1: Ball 1-1: Foul Ball, location: 2F 1-2: Ball 2-2: Ball 3-2: Strikes out swinging
|
Batting: LHB Omar Guerrero
|
0-0: Called Strike 0-1: Ball 1-1: DOUBLE (Flyball, 8RXD, EV 105.6 MPH)
|
Batting: RHB Dave Hoenstine
|
0-0: Called Strike 0-1: SINGLE (Groundball, 34D, EV 100.0 MPH) Omar Guerrero to third Runner from 3rd tries for Home, SAFE, throw by RF to home
|
Batting: LHB James Pellack
|
0-0: Ball 1-0: Called Strike 1-1: Called Strike 1-2: Ball Wild Pitch! Dave Hoenstine to second 2-2: Strikes out swinging
|
Bottom of the 7th over - 1 run, 2 hits, 0 errors, 1 left on base; Oklahoma City 2 - Wichita 4 |
TOP OF THE 8TH |
Oklahoma City 89ers batting - Pitching for Wichita Aeros : RHP Greg A Harris
|
Batting: RHB Robert Bailey
|
0-0: Ball 1-0: Called Strike 1-1: Ball 2-1: Ball 3-1: Ground out 5-3 (Groundball, 56, EV 110.6 MPH)
|
Batting: RHB Danny Jasso
|
0-0: Called Strike 0-1: Hit by Pitch
|
Batting: RHB James Glenn
|
0-0: Ball 1-0: Called Strike 1-1: Called Strike 1-2: Ball 2-2: Foul Ball, location: 2F 2-2: Grounds into double play, 6-4-3 (Groundball, 6, EV 108.8 MPH)
|
Top of the 8th over - 0 runs, 0 hits, 0 errors, 0 left on base; Oklahoma City 2 - Wichita 4 |
BOTTOM OF THE 8TH |
Wichita Aeros batting - Pitching for Oklahoma City 89ers : RHP Kyle Hutchinson
|
Batting: RHB Dave Stenhouse
|
0-0: Fly out, F7 (Flyball, 7, EV 74.4 MPH)
|
Batting: RHB Gary House
|
0-0: Called Strike 0-1: Fly out, F7 (Flyball, 78D, EV 90.0 MPH)
|
Batting: RHB Victor Mabee
|
0-0: Ball 1-0: Foul Ball, location: 2F 1-1: Ball 2-1: Foul Ball, location: 2F 2-2: Ball 3-2: Hit by Pitch
|
Pitching: RHP Bob Forsch
|
|
Batting: LHB Jesus Ramos
|
0-0: Ball 1-0: Ball 2-0: Ball Wild Pitch! Victor Mabee to second 3-0: Called Strike 3-1: Ground out 3-1 (Groundball, 34S, EV 85.0 MPH)
|
Bottom of the 8th over - 0 runs, 0 hits, 0 errors, 1 left on base; Oklahoma City 2 - Wichita 4 |
TOP OF THE 9TH |
Oklahoma City 89ers batting - Pitching for Wichita Aeros : RHP Greg A Harris
|
Pitching: RHP Joey McLaughlin
|
|
Batting: RHB John Christensen
|
0-0: Ball 1-0: Ball 2-0: Reached on error, E4 (Groundball, 4, EV 85.6 MPH)
|
Batting: RHB Cecil Fielder
|
0-0: Called Strike 0-1: Ball 1-1: Ball 2-1: SINGLE (Line Drive, 3D, EV 98.8 MPH) John Christensen to second
|
Batting: RHB Tim Tolman
|
0-0: Ball 1-0: Called Strike 1-1: Foul Ball, location: 2F 1-2: Ball 2-2: Foul Ball, location: 2F 2-2: Strikes out looking
|
Batting: LHB Tom O'Malley
|
0-0: Grounds into double play, 4-6-3 (Groundball, 34, EV 82.5 MPH)
|
Top of the 9th over - 0 runs, 1 hit, 1 error, 1 left on base; Oklahoma City 2 - Wichita 4 |
|